 Dungeon Crawl Stone Soup version 0.28.0 (webtiles) character file.

Game seed: 98840474344583747

37 danielguo94 the Covered (level 3, -2/23 HPs)
             Began as a Gargoyle Fighter on Feb 10, 2022.
             Slain by Jessica (4 damage)
             ... on level 2 of the Dungeon.
             The game lasted 00:00:44 (921 turns).

danielguo94 the Covered (Gargoyle Fighter)           Turns: 921, Time: 00:00:44

Health: -2/23      AC: 10    Str: 21    XL:     3   Next: 39%
Magic:  3/3        EV:  9    Int:  8    God:
Gold:   52         SH:  4    Dex:  9    Spells: 2/2 levels left

rFire   . . .      SeeInvis .   a - +0 flail
rCold   . . .      Faith    .   c - +0 buckler
rNeg    + . .      Spirit   .   b - +0 scale mail
rPois   ∞          Reflect  .   (no helmet)
rElec   +          Harm     .   (no cloak)
rCorr   .          Rampage  .   (no gloves)
Will    .....                   (no boots)
Stlth   ..........              (no amulet)
HPRegen 0.07/turn               (no ring)
MPRegen 0.08/turn               (no ring)

@: no status effects
A: sickness immunity, AC +3, negative energy resistance 1, electricity
resistance, torment resistance 1, petrification resistance
a: no special abilities


You were on level 2 of the Dungeon.
You visited 1 branch of the dungeon, and saw 2 of its levels.

You collected 52 gold pieces.

Inventory:

Hand Weapons
 a - a +0 flail (weapon)
Missiles
 h - 68 stones (quivered)
Armour
 b - a +0 scale mail (worn)
 c - a +0 buckler (worn)
Jewellery
 j - an amulet of regeneration
Scrolls
 e - a scroll of teleportation {unknown}
 g - 2 scrolls of silence {unknown}
Potions
 d - a potion of might
 f - 2 potions of curing {unknown}
 i - a potion of haste {unknown}


   Skills:
 + Level 3.4 Fighting
 * Level 2.8 Maces & Flails
 + Level 3.7 Armour
 + Level 0.3 Dodging
 + Level 3.5 Shields


You had 2 spell levels left.
You didn't know any spells.
Your spell library was empty.

Dungeon Overview and Level Annotations

Branches:
Dungeon (2/15)

Altars:

Annotations:
D:2 Jessica


Innate Abilities, Weirdness & Mutations

You are immune to sickness and miasma.
Your stone body is resilient. (AC +3)
You are immune to poison.
You resist negative energy. (rN+)
You are resistant to electric shocks. (rElec)
You are resistant to unholy torment.
You are immune to petrification.


Message History

You are too injured to fight recklessly!
Unknown command.
You are too injured to fight recklessly!
Unknown command.
You are too injured to fight recklessly!
Unknown command.
You hit the kobold.
The kobold is moderately wounded.
The kobold barely misses you.
You barely miss the kobold.
The kobold is moderately wounded.
Jessica shouts, "You're disturbing me!
I'll have to kill you!" The kobold hits you but does no damage.
Jessica casts a spell at you. Pain shoots through your body!
* * * LOW HITPOINT WARNING * * *
The kobold barely misses you.
The kobold throws a stone.
The stone hits you but does no damage.
Jessica gestures wildly while chanting.
Jessica blinks!
There is an escape hatch in the ceiling here.
You hit the kobold.
The kobold is severely wounded.
The kobold hits you but does no damage.
You hit the kobold but do no damage.
The kobold is severely wounded.
The kobold barely misses you.
You barely miss the kobold.
The kobold is severely wounded.
The kobold hits you with a +0 short sword.
* * * LOW HITPOINT WARNING * * *
You barely miss the kobold.
The kobold is severely wounded.
The kobold hits you but does no damage.
The kobold hits you with a +0 short sword.
* * * LOW HITPOINT WARNING * * *
You hit the kobold.
You kill the kobold!
You closely miss Jessica. Jessica hits you with a +0 club.
You die...

#......###########
#.................
####'#####.......# #.#
#.#####.# # # #.#
#.#####.###.#.... #.#
#>........†......
#.###########<#.......#
#.##....# #@#....####
#.##.##.# #@#.......
#.##.##.#####.#......#
#..........##.#........
#..........##.#....####
###..........##.#....#
#...##+##+#####.#
##.####.##.# #.#
.........#.# #.#
#........#.#


You could see Jessica.

Vanquished Creatures
  An adder (D:2)
  A worm (D:2)
  2 dart slugs (D:2)
  5 bats (D:1)
  2 endoplasms
  2 goblins (D:1)
  2 hobgoblins
  A ball python (D:1)
  3 kobolds
  4 rats
23 creatures vanquished.

Notes
Turn   | Place    | Note
-------+----------+-------------------------------------------
     0 | D:1      | danielguo94 the Gargoyle Fighter began the quest for the
                  | Orb.
     0 | D:1      | Reached XP level 1. HP: 14/14 MP: 1/1
   122 | D:1      | Reached XP level 2. HP: 15/19 MP: 2/2
   776 | D:2      | Reached XP level 3. HP: 20/23 MP: 3/3
   903 | D:2      | Noticed Jessica
   921 | D:2      | Slain by Jessica

Illustrated notes

Levels and vault maps discovered:
D:1:      elethiomel_arrival_shortcut, layout_basic
D:2:      layout_basic, uniq_jessica

Action                   || total
-------------------------++-------
Melee: Flail             ||    88
Armor: Scale mail        ||    68
Dodge: Dodged            ||    52
Block: Buckler           ||    21
